[Event "Late-Titled-Tuesday-Blitz-June-25-2024"]
[Site "Chess.com"]
[Date "2024.06.25"]
[Round "1"]
[White "chess_sharparchitect"]
[Black "MKlose11"]
[Result "1/2-1/2"]
[WhiteElo "2327"]
[BlackElo "2614"]
[TimeControl "180+1"]
[EndTime "14:06:47 PDT"]
[Termination "Game drawn by repetition"]

1. c4 Nf6 2. Nc3 g6 3. d4 c5 4. Nf3 cxd4 5. Nxd4 Nc6 6. e4 Bg7 7. Nc2 d6 8. Be2 O-O 9. Be3 Qa5 10. O-O Be6 11. Rc1 Rfe8 12. f3 Nb4 13. Na3 a6 14. Qd2 Nc6 15. Rfd1 Rac8 16. Bf1 Ne5 17. Nd5 Qxd2 18.
Rxd2 Nxd5 19. exd5 Bd7 20. h3 b5 21. b3 bxc4 22. Nxc4 Bb5 23. Rdc2 Bxc4 24. bxc4 Nd7 25. c5 Nxc5 26. Bxc5 Rxc5 27. Rxc5 Bd4+ 28. Kh2 dxc5 29.
Bxa6 Ra8 30. Bc4 Kf8 31. Rc2 Ke8 32. Re2 Kd7 33. Bb3 Kd6 34. Kg3 Rc8 35. Rc2 Rb8 36.
f4 Rb4 37. Kf3 Bf6 38. Rc4 Rb6 39. g4 h6 40. Ke4 Bd4 41. Ra4 Bg1 42. Rc4 Ra6 43.
Ra4 Rb6 44. Rc4 Bh2 45. Rc2 Bg1 46. Rc4 1/2-1/2

[Event "Late-Titled-Tuesday-Blitz-June-25-2024"]
[Site "Chess.com"]
[Date "2024.06.25"]
[Round "1"]
[White "ArchibaldCerveza29"]
[Black "JanistanTV"]
[Result "0-1"]
[WhiteElo "2393"]
[BlackElo "2675"]
[TimeControl "180+1"]
[EndTime "14:06:48 PDT"]
[Termination "JanistanTV won by resignation"]

1. e4 c5 2. Nf3 e6 3. d4 cxd4 4. Nxd4 Nc6 5. Nc3 Nf6 6. a3 Be7 7. Be3 O-O 8. Be2 d5 9. exd5 Nxd5 10. Nxd5 Qxd5 11. Bf3 Qc4 12. Nxc6 bxc6 13. Be2 Qd5 14. O-O Bf6 15. c3 a5 16. a4 Ba6 17. Bf3 Qc4 18. Re1 Rfd8 19. Qc2 Bb7 20. Rad1 h6 21. g3 Rxd1 22. Rxd1 Rd8 23. Rxd8+ Bxd8 24. b3 Qa6 25. Qd2 Bf6 26. Be2 Qa8 27. Bf3 c5 28. Bxb7 Qxb7 29.
Qc2 Qc6 30. c4 Bd4 31. Qd3 e5 32. Kf1 Qh1+ 33. Ke2 Qxh2 34. Qf5 g6 35. Qc8+ Kg7 36.
Bxd4 cxd4 37. Qc7 Qh5+ 38. Kf1 d3 39. Kg2 d2 0-1

[Event "Late-Titled-Tuesday-Blitz-June-25-2024"]
[Site "Chess.com"]
[Date "2024.06.25"]
[Round "1"]
[White "JavierRuizVazquez"]
[Black "Sl4werThanYou"]
[Result "0-1"]
[WhiteElo "2404"]
[BlackElo "2701"]
[TimeControl "180+1"]
[EndTime "14:06:49 PDT"]
[Termination "Sl4werThanYou won by checkmate"]

1. e4 e5 2. Nf3 Nc6 3. Nc3 Bb4 4. a3 Bxc3 5. dxc3 Nf6 6. Bc4 d6 7. Qe2 h6 8. h3 Qe7 9. O-O Be6 10. Bxe6 Qxe6 11. Re1 O-O 12. c4 Nd7 13. b3 f5 14.
exf5 Qxf5 15. Qe4 Qxe4 16. Rxe4 Nc5 17. Re1 a5 18. Be3 Ne6 19. Rad1 b6 20. a4 Kh7 21. Re2 Rf5 22. Rde1 Raf8 23. Rd2 g5 24. Nh2 Kg6 25. Nf1 h5 26. Ng3 R5f7 27. Rdd1 Ne7 28. Ne4 Nf5 29.
Rd2 g4 30. hxg4 hxg4 31. Nc3 Rh8 32. Nd5 Rh5 33. c3 Rh8 34. Rc2 Rfh7 35. Kf1 Rh2 36. b4 Rf8 37. Kg1 Rfh8 38. Kf1 axb4 39. Nxb4 Nxe3+ 40. Rxe3 Nf4 41. f3 g3 42. Ke1 Nxg2+ 43. Rxg2 Rxg2 44.
Nd3 Ra2 45. Kd1 Rh1+ 46. Ne1 g2 47. f4 g1=Q 48. f5+ Kf6 49. c5 Qxe3 50. c6 Qd2# 0-1

[Event "Late-Titled-Tuesday-Blitz-June-25-2024"]
[Site "Chess.com"]
[Date "2024.06.25"]
[Round "1"]
[White "djano"]
[Black "canary2016"]
[Result "1/2-1/2"]
[WhiteElo "2565"]
[BlackElo "2226"]
[TimeControl "180+1"]
[EndTime "14:06:50 PDT"]
[Termination "Game drawn by repetition"]

1. e4 c5 2. Nc3 d6 3. f4 Nc6 4. Nf3 e6 5. Bb5 g6 6. O-O Bg7 7. Bxc6+ bxc6 8. Qe1 Ne7 9. d3 O-O 10. Qh4 d5 11. f5 exf5 12. Bh6 fxe4 13. Ng5 Bd4+ 14.
Kh1 Nf5 15. Rxf5 Bxf5 16. Bxf8 Kxf8 17. dxe4 dxe4 18. Rf1 h5 19. Qf4 Bxc3 20. bxc3 Kg7 21. Nxe4 Bxe4 22. Qxe4 Qd5 23. Qe7 Qxa2 24. Qxc5 Qxc2 25.
Qxc6 Rf8 26. h3 Qa2 27. c4 a5 28. c5 a4 29. Qf6+ Kg8 30. c6 Qc4 31. Rf3 Rc8 32. Rc3 Qe6 33. Qf3 Qe1+ 34. Kh2 Qe5+ 35. Kh1 Qe1+ 36. Kh2 Qe5+ 37. Kh1 Qe1+ 1/2-1/2

[Event "Late-Titled-Tuesday-Blitz-June-25-2024"]
[Site "Chess.com"]
[Date "2024.06.25"]
[Round "1"]
[White "imdarealist"]
[Black "Malev212"]
[Result "0-1"]
[WhiteElo "2279"]
[BlackElo "2605"]
[TimeControl "180+1"]
[EndTime "14:06:52 PDT"]
[Termination "Malev212 won on time"]

1. d4 g6 2. Bf4 Bg7 3. Nf3 d6 4.
e3 Nd7 5. h3 e5 6. Bh2 Nh6 7. c4 O-O 8. Nc3 exd4 9. exd4 Nf5 10.
Be2 c5 11. dxc5 Nxc5 12. Rc1 Re8 13. O-O a6 14. b4 Ne6 15. Nd5 Nfd4 16. Re1 b5 17.
cxb5 axb5 18. Nxd4 Nxd4 19. Nc7 Nxe2+ 20. Rxe2 Rxe2 21.
Nxa8 Rxa2 22. Qd5 Be6 23. Qc6 Qxa8 24. Qxd6 h5 25. Bf4 Qe4 26. Qb8+ Kh7 27. Be3 Bd5 28. Qg3 Qxb4 0-1

[Event "Late-Titled-Tuesday-Blitz-June-25-2024"]
[Site "Chess.com"]
[Date "2024.06.25"]
[Round "1"]
[White "JEHUBNER"]
[Black "Lady_Nika"]
[Result "0-1"]
[WhiteElo "1974"]
[BlackElo "2543"]
[TimeControl "180+1"]
[EndTime "14:06:54 PDT"]
[Termination "Lady_Nika won by checkmate"]

1. e4 e5 2. Nf3 Nc6 3. Bc4 Bc5 4. O-O Nf6 5. c3 d6 6. d4 Bb6 7. Bg5 Bg4 8. d5 Ne7 9. Bxf6 gxf6 10. Nbd2 Qd7 11.
a4 a6 12. b4 O-O 13. Qc2 Kh8 14. Kh1 f5 15. exf5 Bxf5 16. Ne4 Bxe4 17. Qxe4 f5 18.
Qh4 Ng6 19. Qh6 Rg8 20. Ng5 Raf8 21. Ne6 Rf6 22. f4 Qf7 23. Qh3 e4 24. Rae1 Nf8 25.
Ng5 Qg7 26. Ne6 Nxe6 27. dxe6 Rh6 28. e7 Rxh3 29. Bxg8 Rxh2+ 30. Kxh2 Qxe7 31. Bb3 Qh4# 0-1

[Event "Late-Titled-Tuesday-Blitz-June-25-2024"]
[Site "Chess.com"]
[Date "2024.06.25"]
[Round "1"]
[White "Dedic8"]
[Black "toninhojit"]
[Result "1-0"]
[WhiteElo "2943"]
[BlackElo "2502"]
[TimeControl "180+1"]
[EndTime "14:06:55 PDT"]
[Termination "Dedic8 won by resignation"]

1. d4 Nf6 2. c4 e6 3. Nc3 d5 4.
cxd5 exd5 5. Bg5 c6 6. e3 Be7 7. Bd3 h6 8. Bh4 O-O 9. Nge2 Re8 10. f3 c5 11. O-O Nc6 12. Kh1 cxd4 13. exd4 Nh5 14.
Bf2 Be6 15. a3 Bd6 16. Qd2 Qf6 17. Rae1 Nf4 18. Nxf4 Bxf4 19. Qd1 Kf8 20. Bb1 Bd6 21. Nb5 Bb8 22. Qc2 g6 23. Qc5+ Kg7 24. Nd6 Bxd6 25. Qxd6 Nxd4 26. Qb4 Nc6 27. Qxb7 Rac8 28. Bd3 Bf5 29. Bb5 Rxe1 30. Bxe1 Nd4 31. Bc3 Rxc3 32. bxc3 Ne6 33. Be8 d4 34. cxd4 Nxd4 35. Qxa7 Be6 36. Qb6 Nf5 37. Rb1 Qh4 38. Qb2+ Kf8 39.
Bb5 Ng3+ 40. Kg1 Qd4+ 41. Qf2 Nf5 42. Qxd4 Nxd4 43. a4 Bf5 44. Rd1 Ne6 45. a5 Nc5 46. a6 1-0

[Event "Late-Titled-Tuesday-Blitz-June-25-2024"]
[Site "Chess.com"]
[Date "2024.06.25"]
[Round "1"]
[White "Cosi43"]
[Black "KorolDimitriy75"]
[Result "1-0"]
[WhiteElo "2707"]
[BlackElo "2413"]
[TimeControl "180+1"]
[EndTime "14:06:55 PDT"]
[Termination "Cosi43 won on time"]

1. e4 c5 2. Nf3 d6 3. Bb5+ Nd7 4. a4 Nf6 5. Nc3 g6 6. a5 Bg7 7. O-O O-O 8. Re1 Nb8 9. h3 Bd7 10. Bf1 Nc6 11. a6 b6 12. d4 cxd4 13. Nxd4 Nxd4 14. Qxd4 Be6 15. Qd1 d5 16. e5 Ne4 17. Nxe4 dxe4 18. Bf4 Rc8 19. c3 Bd5 20. Qd4 Ba8 21. Qxd8 Rfxd8 22. Red1 h6 23. Bb5 g5 24. Bg3 e6 25.
Kf1 h5 26. h4 g4 27. Bf4 Bd5 28. Ke2 Bf8 29. Bg5 Bg7 30. Bxd8 Rxd8 31. c4 Bxe5 32.
cxd5 exd5 33. Bc6 d4 34. Bxe4 Kg7 35. Rac1 Rd7 36. Rc6 f6 37. Kd3 Re7 38. Rdc1 Kf7 39. Rc8 Ke6 40. R1c6+ Kf7 41. Rh8 Kg7 42. Rcc8 f5 43.
Bxf5 Bf4 44. Rh7+ Kf6 45. Rf8+ 1-0

[Event "Late-Titled-Tuesday-Blitz-June-25-2024"]
[Site "Chess.com"]
[Date "2024.06.25"]
[Round "1"]
[White "tdf98pantani"]
[Black "2008king"]
[Result "1-0"]
[WhiteElo "2679"]
[BlackElo "2392"]
[TimeControl "180+1"]
[EndTime "14:06:55 PDT"]
[Termination "tdf98pantani won by checkmate"]

1. d4 d5 2. c4 c6 3. e3 Nf6 4.
Nc3 e6 5. b3 Bb4 6. Bd2 O-O 7.
Bd3 Nbd7 8. Nge2 e5 9. O-O e4 10. Bc2 Bxc3 11. Nxc3 Nb6 12. c5 Nbd7 13. f3 Re8 14. fxe4 Nxe4 15. Nxe4 dxe4 16. Rf4 Nf6 17. Qe2 Be6 18. Raf1 Bd5 19. g4 h6 20. h4 Nh7 21.
Qf2 f6 22. Qg2 b6 23. Bb4 a5 24. Be1 bxc5 25. dxc5 Qe7 26. Bc3 Qxc5 27. Bd4 Qe7 28.
Rf5 Rad8 29. Bd1 Qf7 30. g5 hxg5 31. hxg5 Qg6 32. gxf6 Qxg2+ 33. Kxg2 Nxf6 34. Rg5 Kf8 35. Bc5+ Kf7 36. Bh5+ Ke6 37. Bxe8 Nxe8 38. Rf8 Kd7 39. Bd4 a4 40. bxa4 Ra8 41. Re5 g6 42. Bc5 Nc7 43. Re7# 1-0

[Event "Late-Titled-Tuesday-Blitz-June-25-2024"]
[Site "Chess.com"]
[Date "2024.06.25"]
[Round "1"]
[White "PNEPaul"]
[Black "sina101"]
[Result "0-1"]
[WhiteElo "1945"]
[BlackElo "2539"]
[TimeControl "180+1"]
[EndTime "14:06:55 PDT"]
[Termination "sina101 won on time"]

1. e4 c5 2. Nf3 e6 3. d4 cxd4 4. c3 dxc3 5. Nxc3 Nc6 6. Bf4 d6 7. Bd3 Nf6 8. Qe2 Be7 9. Rd1 Qa5 10. a3 O-O 11. O-O a6 12. Bb1 Rd8 13. Qc2 Qh5 14.
Rfe1 Ng4 15. h3 Nge5 16. Nxe5 dxe5 17. Rxd8+ Bxd8 18. Be3 Bf6 19. Rd1 Nd4 20. Bxd4 exd4 21. Ne2 e5 22. f4 exf4 23. Nxf4 Qh4 24. Nd5 Be6 25. Nxf6+ Qxf6 26. e5 Qh4 27. Qe4 Qxe4 28.
Bxe4 Rd8 29. Bxb7 a5 30. Be4 Kf8 31. Rd2 Bb3 32. Kf2 Ke7 33. g4 Ke6 34. Bxh7 g6 35. h4 Rh8 36. h5 Rxh7 37. hxg6 fxg6 38. Rxd4 Kxe5 39. Rd8 a4 40. Re8+ Kf4 41. Rf8+ Kxg4 0-1

[Event "Late-Titled-Tuesday-Blitz-June-25-2024"]
[Site "Chess.com"]
[Date "2024.06.25"]
[Round "1"]
[White "evgchess5"]
[Black "ErikRonka"]
[Result "1-0"]
[WhiteElo "2904"]
[BlackElo "2498"]
[TimeControl "180+1"]
[EndTime "14:06:56 PDT"]
[Termination "evgchess5 won on time"]

1. e4 c5 2. Nf3 e6 3. d4 cxd4 4.
Nxd4 Nf6 5. Nc3 d6 6. g4 h6 7. h3 Nc6 8. Bg2 Bd7 9. Be3 a6 10. f4 Rc8 11. Qe2 Qa5 12. Nb3 Qc7 13. O-O-O b5 14. Rhe1 b4 15. Na4 Na5 16. Nb6 Bb5 17.
Qf2 Nxb3+ 18. axb3 Rb8 19. e5 dxe5 20. fxe5 Nd7 21.
Nd5 exd5 22. Bxd5 Nc5 23. e6 Nxe6 24. Bf4 Qc8 25. Bxb8 Qxb8 26. Bxe6 fxe6 27. Rxe6+ Be7 28. Rde1 Rf8 29. Rxe7+ Kd8 30. Qxf8+ 1-0

[Event "Late-Titled-Tuesday-Blitz-June-25-2024"]
[Site "Chess.com"]
[Date "2024.06.25"]
[Round "1"]
[White "Mikayel99"]
[Black "N_I_Chess"]
[Result "1-0"]
[WhiteElo "2604"]
[BlackElo "2264"]
[TimeControl "180+1"]
[EndTime "14:06:56 PDT"]
[Termination "Mikayel99 won on time"]

1. e4 Nf6 2. Nc3 d5 3. exd5 Nxd5 4. Nxd5 Qxd5 5. Qf3 c6 6. Qxd5 cxd5 7. Nf3 Nc6 8.
d4 Bg4 9. c3 Bxf3 10. gxf3 e6 11. Rg1 g6 12. a4 a5 13. Bf4 Kd7 14. Bb5 h5 15. h3 Bd6 16. Bg5 Be7 17. Bf4 Bd6 18.
Bg5 Be7 19. Be3 Bd6 20. Kd2 Kc7 21. b3 Ne7 22. c4 Bb4+ 23. Kd3 Rac8 24. c5 b6 25. Bg5 Nc6 26. Bf4+ Kb7 27. Rac1 bxc5 28. dxc5 Rhe8 29. Bd6 e5 30. Rc2 Nd4 31. Bxe8 Nxc2 32.
Bxf7 Nd4 33. Bxd5+ Ka7 34. Rxg6 Bxc5 35. Rg7+ Kb6 36. Rb7+ Ka6 37. Rh7 Bxd6 38. Bb7+ Kb6 39. Bxc8 Nc6 40. Rh6 Kc5 41. Rxh5 Nd4 42. f4 Nxb3 43.
fxe5 Be7 44. e6+ Kd6 45. Rb5 Nc5+ 46. Kc4 Nxa4 47. Rd5+ Kc6 48. Bd7+ Kc7 49. Bxa4 Bd6 50. Rxa5 Kd8 51. Kd5 Ke7 52. Ra7+ Kf6 53. Kxd6 1-0

[Event "Late-Titled-Tuesday-Blitz-June-25-2024"]
[Site "Chess.com"]
[Date "2024.06.25"]
[Round "1"]
[White "ValeriyGrinev"]
[Black "TreinadorBR"]
[Result "0-1"]
[WhiteElo "2584"]
[BlackElo "2275"]
[TimeControl "180+1"]
[EndTime "14:06:56 PDT"]
[Termination "TreinadorBR won on time"]

1. d4 d5 2. c4 c6 3. e3 Nf6 4. Bd3 Bg4 5. Qc2 e6 6. Nd2 Nbd7 7. Ngf3 Bd6 8. b3 O-O 9. Bb2 Qe7 10. Ne5 Bh5 11.
O-O Bg6 12. Nxg6 fxg6 13. f4 Ng4 14. Rae1 c5 15. h3 Nh6 16. Nf3 Rac8 17. Qe2 Nf5 18. Kh2 Nxe3 19. Rf2 Bxf4+ 20. g3 Bh6 21. cxd5 exd5 22.
dxc5 Nxc5 23. Bb1 Ne4 24. Bxe4 dxe4 25. Nd4 Rxf2+ 26. Qxf2 Qd6 27. Rxe3 Bxe3 28. Qxe3 Rf8 29. h4 Qf6 30. Qxe4 Qf1 31. Qe6+ Kh8 32. Nf3 Rxf3 33. Bd4 Rf8 34. Qe7 Qf7 35. Qe5 b6 36. a4 Re8 37. Qd6 Re2+ 38. Kg1 Re1+ 39. Kh2 h6 0-1

[Event "Late-Titled-Tuesday-Blitz-June-25-2024"]
[Site "Chess.com"]
[Date "2024.06.25"]
[Round "1"]
[White "JiangoFett"]
[Black "Oleksandr_Bortnyk"]
[Result "0-1"]
[WhiteElo "2519"]
[BlackElo "3066"]
[TimeControl "180+1"]
[EndTime "14:06:57 PDT"]
[Termination "Oleksandr_Bortnyk won by resignation"]

1. c4 b6 2. Nc3 Bb7 3. Nf3 g6 4. g3 Bg7 5. Bg2 Nf6 6. O-O O-O 7. d4 Ne4 8. Qd3 Nxc3 9. bxc3 Nc6 10. e4 Na5 11. c5 d6 12. cxd6 cxd6 13. Re1 Rc8 14. e5 dxe5 15. Nxe5 Bxg2 16. Kxg2 Qd5+ 17. Nf3 e5 18.
Qe4 Qxe4 19. Rxe4 f5 20. Re3 e4 21. Nd2 Bh6 22. f4 exf3+ 23. Rxf3 Rfe8 24. Kf2 Rc7 25. Nb3 Bxc1 26. Rxc1 Nc4 27. Rd1 Nd6 28. d5 Ne4+ 29. Kg2 Nxc3 30. d6 Nxd1 31. dxc7 Nb2 32. Nd4 Rc8 33.
Rc3 Nd1 34. Rc6 Ne3+ 35. Kf3 Nd5 36. Nb5 a6 37. Rd6 Nxc7 38. Nxc7 Rxc7 39. Rxb6 Rc3+ 40. Kf4 Ra3 41. Rb2 Kg7 42. Rb7+ Kh6 43. Rb2 Ra4+ 44.
Kf3 Kg5 45. h4+ Kh5 46. Rb7 Ra3+ 47. Kf4 h6 48. Rb6 Ra4+ 49. Kf3 Rxa2 50. Kf4 Ra4+ 51. Kf3 g5 52. hxg5 hxg5 53. Rf6 Ra3+ 54. Kf2 Kg4 55. Rb6 Rxg3 0-1

[Event "Late-Titled-Tuesday-Blitz-June-25-2024"]
[Site "Chess.com"]
[Date "2024.06.25"]
[Round "1"]
[White "Yarikov_Artem"]
[Black "KaydenTroffChess"]
[Result "0-1"]
[WhiteElo "2476"]
[BlackElo "2835"]
[TimeControl "180+1"]
[EndTime "14:06:57 PDT"]
[Termination "KaydenTroffChess won by resignation"]

1. d4 Nf6 2. c4 g6 3. Nc3 d5 4. cxd5 Nxd5 5. e4 Nxc3 6. bxc3 Bg7 7. Nf3 c5 8. Bb5+ Nd7 9. O-O O-O 10. Bd3 cxd4 11. cxd4 Nc5 12. Bc2 Bg4 13. Be3 Ne6 14. d5 Bxf3 15. gxf3 Bxa1 16. Qxa1 Ng7 17. Bh6 Nh5 18. Bd1 Qd7 19. f4 Nf6 20. Bxf8 Rxf8 21.
Qe5 Rc8 22. Bf3 b6 23. Rd1 Rc5 24. Qb8+ Kg7 25. d6 Rc8 26. Qxc8 Qxc8 27. e5 Nh5 28. d7 Qd8 29. Bxh5 gxh5 30. f5 e6 31. f6+ Kg6 32. f4 Kf5 33. Rd4 b5 34. Kf2 a5 35. Ke3 b4 36. Rd1 a4 37. Rd4 b3 38. axb3 axb3 39. Kd2 b2 40. Kc2 b1=Q+ 41. Kxb1 Qb6+ 42. Kc2 Qxd4 0-1

[Event "Late-Titled-Tuesday-Blitz-June-25-2024"]
[Site "Chess.com"]
[Date "2024.06.25"]
[Round "1"]
[White "Hirna2005"]
[Black "lukas_111111"]
[Result "0-1"]
[WhiteElo "2348"]
[BlackElo "2639"]
[TimeControl "180+1"]
[EndTime "14:06:58 PDT"]
[Termination "lukas_111111 won by resignation"]

1. e4 d6 2. d4 Nf6 3. Nc3 Nc6 4. Nge2 g6 5. g3 Bg7 6. Bg2 O-O 7. O-O e5 8. Bg5 exd4 9. Nxd4 Nxd4 10. Qxd4 h6 11. Bd2 Re8 12. Qd3 Bd7 13. Rae1 Bc6 14. f4 b5 15. a3 Qb8 16. Nd5 Nxd5 17. exd5 Qb6+ 18. Be3 Rxe3 19. Rxe3 Bd7 20. Kh1 Bxb2 21. Re7 Bf5 22. Qe2 Bf6 23. Re8+ Rxe8 24. Qxe8+ Kg7 25. Re1 Qf2 26. Rf1 Qxc2 27. Re1 Bc3 28. Qe2 Bxe1 29. Qxe1 h5 30. h3 Qc5 31. Qa1+ Kg8 32. Kh2 Qf2 33.
Qf1 Qb2 34. Kh1 Qxa3 35. Qxb5 Qxg3 36. Qb8+ Kg7 37. Qxc7 Bxh3 38. Bxh3 Qxh3+ 39. Kg1 Qg3+ 40. Kh1 Qe1+ 41. Kg2 Qe2+ 42. Kh1 Qe4+ 43. Kh2 Qxf4+ 44. Kh1 Qe4+ 45. Kg1 Qxd5 46. Qc3+ Qe5 47. Qa3 a5 48.
Kh1 Qd5+ 49. Kh2 Qe5+ 50. Kh1 h4 51. Qf3 Qf5 52. Qf2 Qe4+ 53. Kg1 Qg4+ 54. Kh1 a4 55. Qb2+ Kg8 56. Qb8+ Kg7 57. Qxd6 Qf3+ 58. Kg1 Qg3+ 59. Qxg3 hxg3 0-1

[Event "Late-Titled-Tuesday-Blitz-June-25-2024"]
[Site "Chess.com"]
[Date "2024.06.25"]
[Round "1"]
[White "SmirnovAlexandrA"]
[Black "IsaacWiebe"]
[Result "0-1"]
[WhiteElo "2622"]
[BlackElo "2364"]
[TimeControl "180+1"]
[EndTime "14:07:04 PDT"]
[Termination "IsaacWiebe won by resignation"]

1. e4 e6 2. d4 d5 3. Nc3 Bb4 4. Ne2 Nc6 5. a3 Ba5 6. b4 Bb6 7. exd5 exd5 8. Na4 Nge7 9. g3 O-O 10.
Bg2 Nf5 11. Nxb6 axb6 12. O-O Nxb4 13. Bf4 Nc6 14. c3 Be6 15. Nc1 Nd6 16. Nd3 Na5 17. Nb4 c6 18. Re1 Re8 19. Qh5 Qd7 20. h3 Ndc4 21.
Nd3 Bf5 22. Ne5 Nxe5 23. dxe5 Nc4 24. a4 Bg6 25. Qh4 Qf5 26. Bf1 Nxe5 27. Bxe5 Rxe5 28.
Qd4 Rxe1 29. Rxe1 c5 30. Qe3 h5 31. Qe7 Qc8 32. Bb5 Rb8 33. Kh2 Qf5 34. Re2 Qf3 35. Qc7 Rf8 36. Qxb7 Be4 37. Rxe4 Qxf2+ 38. Kh1 Qf3+ 39. Kg1 Qxe4 40. Qxb6 d4 41. cxd4 Qxd4+ 42. Kg2 Qe4+ 43. Kf2 Qd4+ 44. Kf3 Rd8 45. a5 Qd1+ 46. Be2 Qd5+ 47. Kf2 Qf5+ 48. Kg2 Qe4+ 49. Kf2 Qf5+ 50. Kg2 Rd2 51. Qb5 Qe4+ 52. Kf2 Qd4+ 53. Kg2 Qe3 54. Kf1 Rc2 55. a6 Rc1+ 56. Kg2 Rg1+ 0-1

[Event "Late-Titled-Tuesday-Blitz-June-25-2024"]
[Site "Chess.com"]
[Date "2024.06.25"]
[Round "1"]
[White "TheAlienParty"]
[Black "andrew-blr"]
[Result "0-1"]
[WhiteElo "2327"]
[BlackElo "2625"]
[TimeControl "180+1"]
[EndTime "14:07:04 PDT"]
[Termination "andrew-blr won by resignation"]

1. c4 e5 2. Nc3 Bb4 3. Nd5 Bc5 4. e3 c6 5. Nc3 d5 6. d4 exd4 7. exd4 Bb4 8. cxd5 Qxd5 9. Bd2 Qe6+ 10. Qe2 Nf6 11. Nf3 O-O 12. Qxe6 Bxe6 13. Be2 Nbd7 14. O-O Rad8 15.
h3 Nb6 16. Be3 Bc4 17. Rfe1 Nfd5 18. Nd2 Bxc3 19. Nxc4 Bxe1 20. Rxe1 Nxe3 21. fxe3 Rfe8 22. Nxb6 axb6 23. Kf2 f5 24. Bf3 Kf7 25. g3 Kf6 26. Rc1 b5 27. Rc3 Ra8 28. a3 Red8 29. h4 Ra4 30.
Rb3 Rc4 31. d5 Rc2+ 32. Ke1 Rd6 33. Rb4 g6 34. Kf1 h6 35. Rb3 g5 36. hxg5+ hxg5 37.
dxc6 bxc6 38. Ke1 g4 39. Bd1 Rg2 40. Be2 Rxg3 41. a4 bxa4 42. Ra3 Re6 43. Kf2 Rh3 44. Bc4 Re4 45. Rxa4 Rf3+ 46. Kg2 Rfxe3 47. b3 Kg5 48. Ra6 c5 49. Rc6 Re5 50. Kf2 Rc3 51. Rc8 Rc2+ 52. Kf1 g3 53. Bd3 Rf2+ 54. Kg1 Re1+ 0-1

[Event "Late-Titled-Tuesday-Blitz-June-25-2024"]
[Site "Chess.com"]
[Date "2024.06.25"]
[Round "1"]
[White "CrimeFightingSpider07"]
[Black "Grischuk"]
[Result "0-1"]
[WhiteElo "2529"]
[BlackElo "3132"]
[TimeControl "180+1"]
[EndTime "14:07:05 PDT"]
[Termination "Grischuk won by resignation"]

1. Nf3 d5 2. d4 Nf6 3. c4 c6 4. e3 Bg4 5. Be2 e6 6. O-O Nbd7 7. Nbd2 Bd6 8. b3 Ne4 9. Bb2 f5 10. Ne5 Bxe2 11. Qxe2 O-O 12. Nxd7 Qxd7 13. f3 Nxd2 14.
Qxd2 Qe7 15. Qe2 Qh4 16. g3 Qh5 17. Rae1 Rae8 18. e4 Bb4 19. g4 Qg6 20. Rc1 dxe4 21. fxe4 fxe4 22. a3 Bd6 23. Rce1 Qh6 24. Qg2 Rf3 25.
Bc1 Qh4 26. Re3 Bxh2+ 27. Kh1 Bf4+ 28. Kg1 Bxe3+ 29. Bxe3 Rxe3 30. Qf2 Rg3+ 0-1

[Event "Late-Titled-Tuesday-Blitz-June-25-2024"]
[Site "Chess.com"]
[Date "2024.06.25"]
[Round "1"]
[White "isla88"]
[Black "GothamChess"]
[Result "0-1"]
[WhiteElo "2430"]
[BlackElo "2728"]
[TimeControl "180+1"]
[EndTime "14:07:05 PDT"]
[Termination "GothamChess won by resignation"]

1. Nf3 g6 2. d4 Bg7 3. b3 d6 4.
Bb2 c5 5. e3 Nc6 6. Nbd2 Nh6 7.
Be2 Nf5 8. c3 O-O 9. O-O b6 10.
Qc2 cxd4 11. exd4 Bb7 12. d5 Ne5 13. Nxe5 Bxe5 14. c4 Nd4 15. Bxd4 Bxd4 16. Rad1 a5 17. h4 a4 18. h5 axb3 19. axb3 b5 20. hxg6 hxg6 21.
cxb5 Rc8 22. Qd3 Bf6 23. Ne4 Bg7 24. Bg4 f5 25. Ng5 Rc3 26. Qb1 e5 27. Ne6 Qh4 28.
Nxf8 Kxf8 29. Qa1 e4 30. Qa7 Be5 31. Bh3 Rxh3 32. Qb8+ Kg7 33. Qxb7+ Kh6 34. gxh3 Qxh3 35. f4 exf3 36. Rf2 Bg3 37. Qe7 Bxf2+ 38. Kxf2 Qg2+ 39. Ke1 f2+ 40. Kd2 f1=Q+ 41. Kc1 Qf4+ 42. Kb1 Qge4+ 43. Qxe4 Qxe4+ 44. Kb2 Qe2+ 45. Kc1 Qxb5 0-1

[Event "Late-Titled-Tuesday-Blitz-June-25-2024"]
[Site "Chess.com"]
[Date "2024.06.25"]
[Round "1"]
[White "Seppppppy"]
[Black "Mackster23"]
[Result "0-1"]
[WhiteElo "2372"]
[BlackElo "2655"]
[TimeControl "180+1"]
[EndTime "14:07:08 PDT"]
[Termination "Mackster23 won by checkmate"]

1. d4 Nf6 2. c4 e6 3. Nc3 Bb4 4. f3 c5 5. d5 b5 6. e4 d6 7. a3 Ba5 8. Bd2 a6 9. cxb5 exd5 10.
Nxd5 Nxd5 11. exd5 O-O 12. Bd3 Re8+ 13. Ne2 c4 14.
Bc2 Bb6 15. Bf4 axb5 16. b4 Qf6 17. Bg3 Nd7 18. Bf2 Bxf2+ 19. Kxf2 Qe5 20. Qd2 Nf6 21. Ng3 Bb7 22. a4 c3 23. Qd3 bxa4 24. Bxa4 Rec8 25. Bc6 Bxc6 26. dxc6 Nd5 27. Rhe1 Qg5 28.
Ne4 Nxb4 29. Qxc3 Qb5 30. Rxa8 Rxa8 31. Nxd6 Nd3+ 32. Kg1 Qb6+ 33. Kh1 Nf2+ 34. Kg1 Nh3+ 35. Kh1 Qg1+ 36. Rxg1 Nf2# 0-1

[Event "Late-Titled-Tuesday-Blitz-June-25-2024"]
[Site "Chess.com"]
[Date "2024.06.25"]
[Round "1"]
[White "KChor05"]
[Black "LewAnatol"]
[Result "1-0"]
[WhiteElo "2605"]
[BlackElo "2279"]
[TimeControl "180+1"]
[EndTime "14:07:08 PDT"]
[Termination "KChor05 won on time"]

1. e4 c5 2. Nf3 e6 3. d4 cxd4 4. Nxd4 a6 5. Nc3 b5 6. Bd3 Bb7 7. O-O Qb6 8. Nb3 Qc7 9. f4 d6 10. Qe2 Nd7 11. Bd2 Ngf6 12. Rae1 e5 13. Kh1 Be7 14. f5 Nb6 15. a3 Nc4 16. Bc1 Rc8 17. Nd1 h5 18. Bg5 h4 19. Bxf6 Bxf6 20. h3 Kf8 21. c3 Qb6 22. Nd2 Nxd2 23. Qxd2 d5 24.
exd5 Bxd5 25. Ne3 Bb7 26. Ng4 Re8 27. Be4 Rh5 28. Qe2 Rg5 29. Bxb7 Qxb7 30. Qe4 Qxe4 31. Rxe4 Rd8 32. Rf2 Rd1+ 33. Kh2 Kg8 34. a4 bxa4 35.
Rxa4 Rd6 36. Ra5 e4 37. Re2 g6 38. Rxe4 Rxf5 39. Nh6+ 1-0

[Event "Late-Titled-Tuesday-Blitz-June-25-2024"]
[Site "Chess.com"]
[Date "2024.06.25"]
[Round "1"]
[White "Pachonpower"]
[Black "reevecanada"]
[Result "1-0"]
[WhiteElo "2442"]
[BlackElo "2707"]
[TimeControl "180+1"]
[EndTime "14:07:09 PDT"]
[Termination "Pachonpower won by checkmate"]

1. d4 Nf6 2. Nf3 b6 3. Nbd2 Bb7 4. e3 e6 5. Bd3 c5 6. O-O Be7 7. Qe2 O-O 8. c3 cxd4 9. exd4 d5 10. Re1 Nbd7 11. Ne5 a6 12. f4 Nxe5 13. fxe5 Nd7 14.
Nf3 b5 15. Qf2 Rc8 16. Qg3 Kh8 17. Bg5 Bxg5 18. Nxg5 h6 19. Nf3 Qe7 20. Bc2 b4 21. Nd2 bxc3 22. bxc3 Rc7 23. Qd3 g6 24. Qh3 Kg7 25. Nf1 Rfc8 26. Re3 Qa3 27. Bb3 Qb2 28. Rd1 Rxc3 29. Rd2 Qa1 30. Rf3 a5 31. Rdf2 Rxf3 32. Qxf3 Rf8 33. Qe3 Ba6 34. h4 Nb6 35. Qf4 h5 36. Kh2 Qc3 37. Rf3 Qe1 38. Ng3 Qb1 39. Qg5 Nd7 40. Nxh5+ Kh7 41. Ng3 Bc4 42. Ba4 Nb6 43.
Bb3 Qa1 44. h5 Qb1 45. Qe7 Kg7 46. h6+ Kxh6 47. Qxf8+ Kg5 48. Qxf7 Kg4 49. Qf4# 1-0

[Event "Late-Titled-Tuesday-Blitz-June-25-2024"]
[Site "Chess.com"]
[Date "2024.06.25"]
[Round "1"]
[White "IndianSchoolOfSuffering"]
[Black "Azeryahu"]
[Result "0-1"]
[WhiteElo "2488"]
[BlackElo "2865"]
[TimeControl "180+1"]
[EndTime "14:07:10 PDT"]
[Termination "Azeryahu won by resignation"]

1. e4 e5 2. Nf3 Nc6 3. Bc4 Nf6 4. d3 d5 5. exd5 Nxd5 6. O-O Nb6 7. Bb3 Bg4 8. Re1 Qe7 9. Nbd2 O-O-O 10. a4 a5 11. c3 Rxd3 12. Qe2 Rd8 13. h3 Bh5 14. Ne4 f6 15. Be3 Nd5 16. Bc5 Qe8 17. Rad1 Nf4 18. Qe3 Bxc5 19. Nxc5 Qe7 20. Rxd8+ Rxd8 21. Nh4 Nd5 22. Bxd5 Rxd5 23. Ne4 Qd7 24. g4 Bg6 25.
Ng3 Bc2 26. Nhf5 b6 27. Qe2 Bxa4 28. Ne3 Rd2 29. Qa6+ Kb8 30. Nc4 Rd1 31. Rxd1 Bxd1 32. Ne3 Bb3 33. c4 Nd4 34. Nd5 Qc8 35. Qb5 Nxb5 0-1